NCAA
OKLAHOMA SOONERS @ BOSTON COLLEGE EAGLES
05/31/2025
 
TOP OF THE 1ST
Oklahoma Sooners batting - Pitching for Boston College Eagles : LHP Francisco Rodríguez
Pitching: LHP Francisco Rodríguez
Batting: SHB Ryan Holcomb 0-0: Ball
1-0: Foul Ball, location: 2F
1-1: Ball
2-1: Called Strike
2-2: Strikes out swinging
Batting: SHB César Álvarez 0-0: Foul Ball, location: 2F
0-1: Foul Ball, location: 2F
0-2: Ball
1-2: Ground out 6-3 (Groundball, 6)
Batting: SHB Donald Reed 0-0: Ball
1-0: Called Strike
1-1: Called Strike
1-2: Ground out 6-3 (Groundball, 6M)
Top of the 1st over - 0 run(s), 0 hit(s), 0 error(s), 0 left on base; Oklahoma 0 - Boston College 0
BOTTOM OF THE 1ST
Boston College Eagles batting - Pitching for Oklahoma Sooners : RHP Gonzalo Gutiérrez
Pitching: RHP Gonzalo Gutiérrez
Batting: RHB Randall Luna 0-0: Ball
1-0: Fly out, F9 (Flyball, 89M)
Batting: RHB Emory Brooks 0-0: Ball
1-0: Called Strike
1-1: Ball
2-1: SINGLE (Flyball, 8RS)
Batting: LHB Dave Cook 0-0: Called Strike
0-1: Ball
1-1: Foul Ball, location: 2F
1-2: Fielders Choice at 2nd, 4-6 (Groundball, 34)
Batting: RHB Will Stafford 0-0: Ball
1-0: Ball
2-0: Ball
3-0: Called Strike
3-1: Called Strike
3-2: Foul Ball, location: 2F
3-2: Ground out 5-3 (Groundball, 5L)
Bottom of the 1st over - 0 run(s), 1 hit(s), 0 error(s), 1 left on base; Oklahoma 0 - Boston College 0
TOP OF THE 2ND
Oklahoma Sooners batting - Pitching for Boston College Eagles : LHP Francisco Rodríguez
Batting: LHB Keith Green 0-0: Ball
1-0: Ground out 3-1 (Groundball, 34S)
Batting: RHB Ralph Hayes 0-0: Foul Ball, location: 2F
0-1: Ball
1-1: Foul Ball, location: 2F
1-2: Ground out 1-3 (Groundball, 23)
Batting: RHB Rafael Barajas 0-0: Called Strike
0-1: Ball
1-1: Ball
2-1: Called Strike
2-2: Strikes out swinging
Top of the 2nd over - 0 run(s), 0 hit(s), 0 error(s), 0 left on base; Oklahoma 0 - Boston College 0
BOTTOM OF THE 2ND
Boston College Eagles batting - Pitching for Oklahoma Sooners : RHP Gonzalo Gutiérrez
Batting: SHB Felipe Castro 0-0: Ball
1-0: Swinging Strike
1-1: Ground out 4-3 (Groundball, 34)
Batting: RHB Dennis House 0-0: Ball
1-0: Ball
2-0: Ball
3-0: Called Strike
3-1: Foul Ball, location: 2F
3-2: Base on Balls
Batting: LHB Greg Hyde 0-0: Ball
1-0: Ball
2-0: Called Strike
2-1: Ball
3-1: Base on Balls
Dennis House to second
Batting: RHB Jesús Morales 0-0: SINGLE (Groundball, 4M)
Dennis House to third
Greg Hyde to second
Runner from 3rd tries for Home, SAFE, no throw or cutoff
Batting: RHB José Gómez 0-0: Called Strike
0-1: Foul Ball, location: 2F
0-2: Ball
1-2: Ball
2-2: Foul Ball, location: 2F
2-2: Foul Ball, location: 2F
2-2: Ball
3-2: Foul Ball, location: 2F
3-2: Strikes out looking
Batting: RHB Randall Luna 0-0: Ball
1-0: Fielders Choice at 2nd, 6-4 (Groundball, 6)
Bottom of the 2nd over - 1 run(s), 1 hit(s), 0 error(s), 1 left on base; Oklahoma 0 - Boston College 1
TOP OF THE 3RD
Oklahoma Sooners batting - Pitching for Boston College Eagles : LHP Francisco Rodríguez
Batting: RHB Steven Wright 0-0: Called Strike
0-1: Foul Ball, location: 2F
0-2: Ball
1-2: Strikes out looking
Batting: RHB José Ramos 0-0: Ball
1-0: SINGLE (Groundball, 4MD)
Batting: RHB Chris Wilson 0-0: Ball
1-0: Foul Ball, location: 2F
1-1: Ball
2-1: Foul Ball, location: 2F
2-2: Strikes out swinging
Batting: SHB Ryan Holcomb 0-0: Reached on error, E5 (Groundball, 56)
José Ramos to second
Batting: SHB César Álvarez 0-0: Called Strike
0-1: Ball
1-1: Swinging Strike
1-2: Ball
2-2: SINGLE (Line Drive, 3D)
José Ramos to third
Ryan Holcomb to second
Runner from 3rd tries for Home, throw and OUT!
Top of the 3rd over - 0 run(s), 2 hit(s), 1 error(s), 2 left on base; Oklahoma 0 - Boston College 1
BOTTOM OF THE 3RD
Boston College Eagles batting - Pitching for Oklahoma Sooners : RHP Gonzalo Gutiérrez
Batting: RHB Emory Brooks 0-0: Fly out, F8 (Flyball, 8LM)
Batting: LHB Dave Cook 0-0: Ball
1-0: Called Strike
1-1: Called Strike
1-2: SINGLE (Groundball, 34D)
Batting: RHB Will Stafford 0-0: Ball
1-0: Ball
Wild Pitch!
Dave Cook to second
2-0: Ground out 6-3 (Groundball, 6M)
Dave Cook to third
Batting: SHB Felipe Castro 0-0: Ball
1-0: Ball
2-0: Foul Ball, location: 2F
2-1: Ball
3-1: Base on Balls
Batting: RHB Dennis House 0-0: Foul Ball, location: 2F
0-1: Called Strike
0-2: Ball
1-2: Ball
2-2: 3-RUN HOME RUN (Line Drive, 7LD), Distance : 337 ft
Batting: LHB Greg Hyde 0-0: Called Strike
0-1: SINGLE (Groundball, 4MD)
Batting: RHB Jesús Morales 0-0: Fly out, F8 (Flyball, 8LM)
Bottom of the 3rd over - 3 run(s), 3 hit(s), 0 error(s), 1 left on base; Oklahoma 0 - Boston College 4
TOP OF THE 4TH
Oklahoma Sooners batting - Pitching for Boston College Eagles : LHP Francisco Rodríguez
Batting: SHB Donald Reed 0-0: Ball
1-0: Swinging Strike
1-1: Ground out 5-3 (Groundball, 5L)
Batting: LHB Keith Green 0-0: Ground out 2-3 (Groundball, 2R)
Batting: RHB Ralph Hayes 0-0: Ball
1-0: Ball
2-0: Called Strike
2-1: Ground out 6-3 (Groundball, 6)
Top of the 4th over - 0 run(s), 0 hit(s), 0 error(s), 0 left on base; Oklahoma 0 - Boston College 4
BOTTOM OF THE 4TH
Boston College Eagles batting - Pitching for Oklahoma Sooners : RHP Gonzalo Gutiérrez
Batting: RHB José Gómez 0-0: Called Strike
0-1: Called Strike
0-2: Fly out, F8 (Flyball, 8LM)
Batting: RHB Randall Luna 0-0: Swinging Strike
0-1: Called Strike
0-2: Ball
1-2: Foul Ball, location: 2F
1-2: Ball
2-2: Strikes out looking
Batting: RHB Emory Brooks 0-0: Ball
1-0: Foul Ball, location: 2F
1-1: Ball
2-1: Called Strike
2-2: Ball
3-2: Ground out 1-3 (Groundball, 13S)
Bottom of the 4th over - 0 run(s), 0 hit(s), 0 error(s), 0 left on base; Oklahoma 0 - Boston College 4
TOP OF THE 5TH
Oklahoma Sooners batting - Pitching for Boston College Eagles : LHP Francisco Rodríguez
Batting: RHB Rafael Barajas 0-0: Foul Ball, location: 2F
0-1: Called Strike
0-2: Ball
1-2: Strikes out swinging
Batting: RHB Steven Wright 0-0: Ball
1-0: SINGLE (Groundball, 56D)
Batting: RHB José Ramos 0-0: Ball
1-0: Fly out, F6 (Popup, 56)
Batting: RHB Chris Wilson 0-0: Swinging Strike
0-1: Ball
1-1: Ball
2-1: Called Strike
2-2: Foul Ball, location: 2F
2-2: Strikes out swinging
Top of the 5th over - 0 run(s), 1 hit(s), 0 error(s), 1 left on base; Oklahoma 0 - Boston College 4
BOTTOM OF THE 5TH
Boston College Eagles batting - Pitching for Oklahoma Sooners : RHP Gonzalo Gutiérrez
Batting: LHB Dave Cook 0-0: Called Strike
0-1: Ball
1-1: Foul Ball, location: 2F
1-2: Foul Ball, location: 2F
1-2: SINGLE (Line Drive, 56D)
Pitching: LHP Jeff Austin
Batting: RHB Will Stafford 0-0: SINGLE (Line Drive, 6MD)
Dave Cook to second
Batting: SHB Felipe Castro 0-0: Ball
1-0: Ball
2-0: Ball
3-0: Called Strike
3-1: Fielders Choice at 2nd, 4-6 (Groundball, 34)
Dave Cook to third
Batting: RHB Dennis House 0-0: Ball
1-0: Ball
2-0: 3-RUN HOME RUN (Line Drive, 7D), Distance : 347 ft
Batting: LHB Greg Hyde 0-0: Ball
1-0: SINGLE (Line Drive, 8LS)
Batting: RHB Jesús Morales 0-0: Ball
1-0: Called Strike
1-1: Foul Ball, location: 2F
1-2: SINGLE (Line Drive, 89M)
Greg Hyde to second
Batting: RHB José Gómez 0-0: Foul Ball, location: 2F
0-1: Foul Ball, location: 2F
0-2: Strikes out looking
Batting: RHB Randall Luna 0-0: Called Strike
0-1: Ball
1-1: SINGLE (Line Drive, 6MD)
Greg Hyde to third
Jesús Morales to second
Runner from 3rd tries for Home, SAFE, no throw or cutoff
Batting: RHB Emory Brooks 0-0: Ball
1-0: Called Strike
1-1: Called Strike
1-2: SINGLE (Groundball, 56)
Jesús Morales to third
Randall Luna to second
Runner from 3rd tries for Home, SAFE, throw made at trailing runner, SAFE at third!
Batting: LHB Dave Cook 0-0: Ball
1-0: Swinging Strike
1-1: Called Strike
1-2: Ball
2-2: Ball
3-2: DOUBLE (Line Drive, 9LS)
Randall Luna scores
Emory Brooks to third
Emory Brooks scores
Pitching: RHP Curt Stephens
Batting: RHB Will Stafford 0-0: Ball
1-0: Ball
2-0: Foul Ball, location: 2F
2-1: Called Strike
2-2: Ball
3-2: Foul Ball, location: 2F
3-2: Foul Ball, location: 2F
3-2: Foul Ball, location: 2F
3-2: Strikes out swinging
Bottom of the 5th over - 7 run(s), 8 hit(s), 0 error(s), 1 left on base; Oklahoma 0 - Boston College 11
TOP OF THE 6TH
Oklahoma Sooners batting - Pitching for Boston College Eagles : LHP Francisco Rodríguez
Batting: SHB Ryan Holcomb 0-0: Called Strike
0-1: Ball
1-1: Reached on Error, E9 (Flyball, 9S)
Batting: SHB César Álvarez 0-0: Grounds into double play, 4-6-3 (Groundball, 4)
Batting: SHB Donald Reed 0-0: DOUBLE (Line Drive, 7D)
Batting: LHB Keith Green 0-0: Ball
1-0: Ball
2-0: Called Strike
2-1: Ball
3-1: Called Strike
3-2: Base on Balls
Batting: RHB Ralph Hayes 0-0: Ball
1-0: Foul Ball, location: 2F
1-1: Foul Ball, location: 2F
1-2: Strikes out swinging
Top of the 6th over - 0 run(s), 1 hit(s), 1 error(s), 2 left on base; Oklahoma 0 - Boston College 11
BOTTOM OF THE 6TH
Boston College Eagles batting - Pitching for Oklahoma Sooners : RHP Curt Stephens
Batting: SHB Felipe Castro 0-0: Foul Ball, location: 2F
0-1: Ground out 4-3 (Groundball, 34)
Batting: RHB Dennis House 0-0: Ball
1-0: Ball
2-0: Ball
3-0: Base on Balls
Batting: LHB Greg Hyde 0-0: Ball
1-0: Fielders Choice at 2nd, 4-6 (Groundball, 4)
Pitching: RHP Bob Peterson
Batting: RHB Jesús Morales 0-0: Called Strike
0-1: Ball
1-1: Foul Ball, location: 2F
1-2: Fly out, F8 (Flyball, 78M)
Bottom of the 6th over - 0 run(s), 0 hit(s), 0 error(s), 1 left on base; Oklahoma 0 - Boston College 11
TOP OF THE 7TH
Oklahoma Sooners batting - Pitching for Boston College Eagles : LHP Francisco Rodríguez
Batting: RHB Rafael Barajas 0-0: Ball
1-0: Foul Ball, location: 2F
1-1: Ball
2-1: Called Strike
2-2: Ball
3-2: Ground out 6-3 (Groundball, 6M)
Pitching: LHP Sixto Pineda
Batting: RHB Steven Wright 0-0: Ball
1-0: Called Strike
1-1: Ball
2-1: Fly out, F8 (Flyball, 8LS)
Batting: RHB José Ramos 0-0: Called Strike
0-1: Called Strike
0-2: SINGLE (Groundball, 56D)
Batting: RHB Chris Wilson 0-0: Ball
1-0: DOUBLE (Line Drive, 7LS)
José Ramos to third
Batting: SHB Ryan Holcomb 0-0: Ball
1-0: Ball
2-0: Ball
3-0: Called Strike
3-1: Foul Ball, location: 2F
3-2: Base on Balls
Batting: SHB César Álvarez 0-0: Called Strike
0-1: Foul Ball, location: 2F
0-2: Strikes out swinging
Top of the 7th over - 0 run(s), 2 hit(s), 0 error(s), 3 left on base; Oklahoma 0 - Boston College 11
BOTTOM OF THE 7TH
Boston College Eagles batting - Pitching for Oklahoma Sooners : RHP Bob Peterson
Batting: RHB José Gómez 0-0: Called Strike
0-1: Ball
1-1: Swinging Strike
1-2: Foul Ball, location: 2F
1-2: Strikes out looking
Batting: RHB Randall Luna 0-0: Ball
1-0: Ball
2-0: Ball
3-0: Base on Balls
Batting: RHB Emory Brooks 0-0: Called Strike
0-1: Foul Ball, location: 2F
0-2: Strikes out looking
Batting: LHB Dave Cook 0-0: Fielders Choice at 2nd, U6 (Groundball, 6M)
Bottom of the 7th over - 0 run(s), 0 hit(s), 0 error(s), 1 left on base; Oklahoma 0 - Boston College 11
TOP OF THE 8TH
Oklahoma Sooners batting - Pitching for Boston College Eagles : LHP Sixto Pineda
Batting: SHB Donald Reed 0-0: Called Strike
0-1: Ball
1-1: Ball
2-1: Ball
3-1: Fly out, F8 (Flyball, 8LS)
Batting: LHB Keith Green 0-0: Ball
1-0: Swinging Strike
1-1: Called Strike
1-2: Ball
2-2: Strikes out swinging
Batting: RHB Ralph Hayes 0-0: Called Strike
0-1: Fly out, F8 (Flyball, 89M)
Top of the 8th over - 0 run(s), 0 hit(s), 0 error(s), 0 left on base; Oklahoma 0 - Boston College 11
BOTTOM OF THE 8TH
Boston College Eagles batting - Pitching for Oklahoma Sooners : RHP Bob Peterson
Batting: RHB Will Stafford 0-0: Called Strike
0-1: Ball
1-1: Ball
2-1: SINGLE (Flyball, 8LS)
Batting: SHB Felipe Castro 0-0: Ball
1-0: Called Strike
1-1: Foul Ball, location: 2F
1-2: Fly out, F7 (Flyball, 7M)
Batting: RHB Dennis House 0-0: Called Strike
0-1: Ball
1-1: Swinging Strike
1-2: Foul Ball, location: 2F
1-2: Ball
2-2: Ball
3-2: Foul Ball, location: 2F
3-2: Foul Ball, location: 2F
3-2: Base on Balls
Will Stafford to second
Batting: LHB Greg Hyde 0-0: Called Strike
0-1: Swinging Strike
0-2: Ball
1-2: Ground out 6-3 (Groundball, 6MS)
Will Stafford to third
Dennis House to second
Batting: RHB Jesús Morales 0-0: Ball
1-0: Fly out, F9 (Flyball, 9S)
Bottom of the 8th over - 0 run(s), 1 hit(s), 0 error(s), 2 left on base; Oklahoma 0 - Boston College 11
TOP OF THE 9TH
Oklahoma Sooners batting - Pitching for Boston College Eagles : LHP Sixto Pineda
Now in RF: Wade Ayers
Batting: RHB Rafael Barajas 0-0: Called Strike
0-1: Swinging Strike
0-2: Ball
1-2: Strikes out swinging
Batting: RHB Steven Wright 0-0: Called Strike
0-1: SINGLE (Groundball, 6M) (infield hit)
Batting: RHB José Ramos 0-0: Ball
1-0: Ball
2-0: Ball
3-0: Base on Balls
Steven Wright to second
Batting: RHB Chris Wilson 0-0: Fly out, F5 (Popup, 25F)
Batting: SHB Ryan Holcomb 0-0: Called Strike
0-1: Ball
1-1: Foul Ball, location: 2F
1-2: Strikes out swinging
Top of the 9th over - 0 run(s), 1 hit(s), 0 error(s), 2 left on base; Oklahoma 0 - Boston College 11
This league is powered by Out of the Park Baseball, the baseball management simulation game for PC, Mac and Linux
Tuesday, August 2nd, 2016 - OOTP Baseball 16.8 Build 38